 Dungeon Sprint DCSS version 0.27.1-33-g824d729ab1 (webtiles) character file.

Game seed: 10235968443777287245

958 manyhoops the Impaler (level 8, -5/97 HPs)
             Began as a Merfolk Berserker on Nov 25, 2021.
             Was a Priest of Trog.
             Slain by a sun demon (18 damage)
             ... summoned by a kobold demonologist
             ... in the Dungeon (Sprint I: "Red Sonja").
             The game lasted 00:01:22 (481 turns).

manyhoops the Impaler (Merfolk Berserker)            Turns: 481, Time: 00:01:22

Health: -5/97      AC:  7    Str: 19    XL:     8   Next: 14%
Magic:  8/8        EV: 11    Int:  6    God:    Trog [***...]
Gold:   427        SH:  0    Dex: 14    Spells: 7/7 levels left

rFire    . . .     SeeInvis .   k - +0 scythe
rCold    . . .     Faith    .   (shield currently unavailable)
rNeg     . . .     Spirit   .   j - +0 scale mail
rPois    .         Reflect  .   (no helmet)
rElec    .         Harm     .   (no cloak)
rCorr    .         Rampage  .   (no gloves)
Will     .....     NoTele   +   (no boots)
Stlth    ..........             (no amulet)
HPRegen  0.26/turn              (no ring)
MPRegen  0.11/turn              (no ring)

@: berserking (expiring), very quick
A: (nimble swimmer 2), mertail
a: Renounce Religion, Berserk, Trog's Hand


You were in the Dungeon.
You worshipped Trog.
Trog was most pleased with you.
You visited 1 branch You collected 427 gold pieces.

Inventory:

Hand Weapons
 a - a +0 spear
 k - a +0 scythe (weapon)
Armour
 b - a +0 animal skin
 j - a +0 scale mail (worn)
Wands
 i - a wand of polymorph (10)
Scrolls
 h - a scroll of blinking
 l - a scroll of amnesia {unknown}
Potions
 c - a potion of curing
 d - a potion of heal wounds
 e - a potion of haste
 f - 2 potions of magic
 g - a potion of berserk rage


   Skills:
 + Level 6.6 Fighting
 - Level 20.1 Polearms
 + Level 3.8 Armour
 + Level 4.5 Dodging


You had 7 spell levels left.
You didn't know any spells.
Your spell library was empty.

Dungeon Overview and Level Annotations

Branches:
Dungeon (1/1)

Altars:
Cheibriados
Dithmenos
Elyvilon
Fedhas
Gozag
Hepliaklqana
Kikubaaqudgha
Makhleb
Nemelex Xobeh
Okawaru
Qazlal
Ru
Sif Muna
Trog
Uskayaw
Vehumet
Wu Jian
Xom
Yredelemnul
Zin
The Shining One
Jiyva
Lugonu

Shops:
D =


Innate Abilities, Weirdness & Mutations

((You are quick and stealthy near water. (Stealth+, EV+, Speed+++)))
Your lower body shifts to a powerful aquatic tail in water.


Message History

You slice the kobold demonologist!!
The kobold demonologist is heavily wounded.
The kobold demonologist barely misses you.
Unknown command.
You closely miss the kobold demonologist.
The kobold demonologist is heavily wounded.
The red devil hits you with a +0 trident!
* * * LOW HITPOINT WARNING * * *
The kobold demonologist hits you with a +0 dagger.
* * * LOW HITPOINT WARNING * * *
Unknown command.
You barely miss the kobold demonologist.
The kobold demonologist is heavily wounded.
The red devil barely misses you.
Unknown command.
You slash the kobold demonologist!
The kobold demonologist is almost dead.
The kobold demonologist closely misses you.
Unknown command.
You barely miss the kobold demonologist.
The kobold demonologist is almost dead.
The red devil hits you with a +0 trident!
* * * LOW HITPOINT WARNING * * *
The kobold demonologist hits you but does no damage.
You slice the kobold demonologist!!
You kill the kobold demonologist!
Trog accepts your kill.
Trog appreciates your killing of a magic user.
The red devil disappears in a puff of smoke!
Your Fighting skill gained 2 levels and is now at level 6!
Your Armour skill increases to level 3!
Your Dodging skill increases to level 4!
You have reached level 8!
You are too berserk!
You hit the sun demon.
The sun demon is lightly wounded.
You closely miss the sun demon.
The sun demon is lightly wounded.
The sun demon hits you!!
You die...

######################
..').#..'..#__#.@344.#
..#..'[.#..'..'.§#K..#
####'#####'#__#### ..+
###..#...#.#### ##
__####..##.#≈§§§c#
_____##'#_.+≈§≈..+
_.∩...'..._#§≈≈.c#
_..__##_.#'# +####
_____###+#(#


You could see a sun demon (summoned), an ice devil (summoned), a kobold
demonologist and a red devil (summoned).

Vanquished Creatures
  A kobold demonologist (D)
  A slime creature (D)
  Sigmund (D)
  A yak (D)
  A floating eye (D)
  An ogre (D)
  A jelly (D)
  Ijyb (D)
8 creatures vanquished.

Notes
Turn   | Place    | Note
-------+----------+-------------------------------------------
     0 | D        | manyhoops the Merfolk Berserker began the quest for the
                  | Orb.
     0 | D        | Reached XP level 1. HP: 18/18 MP: 1/1
     1 | D        | Noticed Ijyb
     6 | D        | Killed Ijyb
     7 | D        | Reached skill level 9 in Polearms
     7 | D        | Reached XP level 2. HP: 24/24 MP: 2/2
    43 | D        | Noticed an ogre
    47 | D        | Killed an ogre
    48 | D        | Reached skill level 13 in Polearms
    48 | D        | Reached XP level 3. HP: 29/29 MP: 3/3
    48 | D        | Reached XP level 4. HP: 35/35 MP: 4/4
   111 | D        | Noticed Sigmund
   115 | D        | Killed Sigmund
   115 | D        | Reached ** piety under Trog
   116 | D        | Reached skill level 16 in Polearms
   116 | D        | Reached XP level 5. HP: 41/41 MP: 5/5
   116 | D        | Reached XP level 6. HP: 47/47 MP: 6/6
   135 | D        | Found an ornate altar of the Wu Jian Council.
   135 | D        | Found a shimmering blue altar of Sif Muna.
   138 | D        | Found a radiant altar of Vehumet.
   141 | D        | Reached skill level 17 in Polearms
   151 | D        | Noticed a centaur warrior
   151 | D        | Noticed a centaur warrior
   155 | D        | Found Duhawiex's Jewellery Emporium.
   155 | D        | Found an ancient bone altar of Kikubaaqudgha.
   155 | D        | Found a hazy altar of Hepliaklqana.
   155 | D        | Found a stormy altar of Qazlal.
   155 | D        | Found a hide-covered altar of Uskayaw.
   155 | D        | Found a blossoming altar of Fedhas.
   155 | D        | Found a bloodstained altar of Trog.
   155 | D        | Found an iron altar of Okawaru.
   155 | D        | Found a basalt altar of Yredelemnul.
   155 | D        | Found a glowing golden altar of the Shining One.
   155 | D        | Found a snail-covered altar of Cheibriados.
   155 | D        | Found a sacrificial altar of Ru.
   155 | D        | Found a glowing silver altar of Zin.
   155 | D        | Found a shadowy altar of Dithmenos.
   155 | D        | Found a white marble altar of Elyvilon.
   155 | D        | Noticed a yak
   159 | D        | Killed a yak
   160 | D        | Reached skill level 18 in Polearms
   160 | D        | Found an opulent altar of Gozag.
   161 | D        | Found a sparkling altar of Nemelex Xobeh.
   197 | D        | Found a viscous altar of Jiyva.
   197 | D        | Found a corrupted altar of Lugonu.
   197 | D        | Noticed a slime creature
   198 | D        | Found a burning altar of Makhleb.
   198 | D        | Found a shimmering altar of Xom.
   205 | D        | Killed a slime creature
   205 | D        | Reached *** piety under Trog
   206 | D        | Reached skill level 20 in Polearms
   206 | D        | Reached XP level 7. HP: 11/52 MP: 7/7
   465 | D        | Noticed a kobold demonologist
   465 | D        | Noticed a kobold demonologist
   469 | D        | Noticed a red devil
   469 | D        | Noticed a red devil
   471 | D        | Noticed an ice devil
   472 | D        | Noticed a sun demon
   479 | D        | Killed a kobold demonologist
   480 | D        | Reached XP level 8. HP: 12/65 MP: 8/8
   481 | D        | Slain by a sun demon

Illustrated notes

Levels and vault maps discovered:
D:        dungeon_sprint_1 [red_sonja_temple_1, red_sonja_temple_small_1]

Skill      XL: |  1  2  3  4  5  6  7 |
---------------+----------------------+-----
Polearms       | 9 13 16 20 | 20.1
Fighting       | 6 |  6.6
Armour         | 3 |  3.8
Dodging        | 4 |  4.5

Action                   |  1- 3 |  4- 6 |  7- 9 || total
-------------------------+-------+-------+-------++-------
Melee: Spear             |     7 |     3 |       ||    10
       Scythe            |       |    12 |    15 ||    27
Invok: Berserk           |     2 |     2 |     1 ||     5
Armor: Scale mail        |       |     1 |     3 ||     4
Dodge: Dodged            |       |     4 |     4 ||     8
